[Event "Reykjavik Open 2025"]
[Site "Reykjavik"]
[Date "2025.04.09"]
[Round "1.1"]
[White "Maghsoodloo, Parham"]
[Black "Tscheuschner, Georg"]
[Result "1-0"]
[Annotator "TA"]
[ECO "E46"]
[WhiteElo "2684"]
[BlackElo "2168"]
[PlyCount "69"]
[EventDate "2025.04.09"]
[EventType "swiss"]
[EventCountry "ISL"]
[SourceTitle "playchess.com"]
[Source "ChessBase"]
[SourceQuality "1"]
[TimeControl "40/5400+30:1800+30"]

1. d4 Nf6 2. c4 e6 3. Nc3 Bb4 4. e3 O-O 5. Nge2 c6 6. a3 {[%emt 0:00:08] E46: Nimzo-Indian: Rubinstein: 4 e3 0-0 5 Ne2 without early Bd3.} Ba5 7. Bd2 d5 8. Ng3 {[%emt 0:00:11] The position is equal.} Nbd7 {[%emt 0:00:29] 8...Bc7 is vanishing.} 9. f4 $5 {[%emt 0:01:25][%mdl 4] Leaves trodden paths.} Bc7 10. Rc1 dxc4 $146 (10... Re8 11. c5 b6 12. b4 bxc5 13. bxc5 a5 14. Be2 Ba6 15. O-O Bxe2 16. Qxe2 Qb8 17. Rb1 Qa7 18. a4 Reb8 19. Qd3 Rxb1 20. Rxb1 Rb8 21. Nge2 {½-½ Kuhn,C (2258)-Fischer,D (2404) Menton op 19th 2022 (9)}) 11. Bxc4 Nd5 ({Better is} 11... c5 $11) 12. O-O f5 13. Nh1 b5 14. Ba2 Rf6 (14... N7f6 $11 {deserves consideration.}) 15. Rf3 N7b6 16. Nf2 Nc4 17. Nd3 Bb6 {[%emt 0:04:54] Black is on the road to losing.} 18. Ne2 (18. Bxc4 $16 bxc4 19. Nc5 Bxc5 20. dxc5) 18... Bd7 (18... Bb7 $14) 19. Bxc4 $16 bxc4 20. Rxc4 c5 21. dxc5 Bb5 22. Rd4 Bxd3 23. Rxd3 (23. cxb6 Bxe2 24. Qxe2 Qe7) 23... Bxc5 24. Nc3 Qb6 (24... Rf7 {keeps fighting.}) 25. Rxd5 $18 exd5 26. Nxd5 Qd6 27. Nxf6+ gxf6 28. h3 Re8 29. Kh2 Kh8 30. Qc2 Qd5 31. Bc3 Re6 32. Qf2 {[%emt 0:00:28] [#] Threatens to win with Qh4.} Qe4 33. Qh4 {[%emt 0:00:08] Threatening mate with Rg3.} Bxe3 (33... Bf8 $18 34. Bxf6+ Bg7 35. Bxg7+ Kxg7) 34. Rg3 Bd4 35. Qh6 {[%emt 0:00:05] Weighted Error Value: White=0.09 (flawless) /Black=0.51  Mistake:       	White=1     	Black=5      Inaccurate:     	White=1     	Black=3      OK:         	White=13    	Black=8      Best:        	White=1     	Black=1} 1-0

[Event "Reykjavik Open 2025"]
[Site "Reykjavik"]
[Date "2025.04.09"]
[Round "1.2"]
[White "Vroombout, Enrico"]
[Black "Ivic, Velimir"]
[Result "0-1"]
[Annotator "TA"]
[ECO "B92"]
[WhiteElo "2161"]
[BlackElo "2623"]
[PlyCount "68"]
[EventDate "2025.04.09"]
[EventType "swiss"]
[EventCountry "ISL"]
[SourceTitle "playchess.com"]
[Source "ChessBase"]
[SourceQuality "1"]
[TimeControl "40/5400+30:1800+30"]

1. e4 c5 2. Nf3 d6 3. d4 cxd4 4. Nxd4 Nf6 5. Nc3 a6 6. Be2 e5 7. Nb3 Be7 8. O-O O-O 9. Be3 Be6 10. f4 exf4 11. Rxf4 Nc6 12. Nd5 Bxd5 {[%emt 0:02:51] B92: Sicilian Najdorf: 6 Be2.} 13. exd5 Ne5 14. Rb4 Qc7 {[%emt 0:04:38] The position is equal.} 15. a4 Rfe8 16. a5 Bf8 17. Bf2 $146 (17. Bg5 Nfd7 18. c3 g6 19. Qd2 Bg7 20. Kh1 Rab8 21. Bh6 Bh8 22. Rh4 f5 23. Bg5 {0-1 Van der Togt,T (1880)-Van der Auweraert,E (2154) Leiden LCT op-A 7th 2013 (5)}) 17... g6 18. c3 Bh6 19. Qd4 Re7 20. Bh4 Ned7 21. Qc4 Qxc4 22. Bxc4 Re4 $1 23. Bg3 {[%emt 0:06:19] [#]} Rc8 (23... Ne5 $1 $17 24. Bxe5 dxe5) 24. Nd4 $11 Be3+ 25. Kh1 Ne5 26. Bf1 Rc7 27. Rb6 ({White should try} 27. Re1 $15) 27... Rd7 $17 (27... Nxd5 $2 28. Rxd6 Nf4 29. Rd8+ Kg7 30. Re8 $18) 28. Re1 (28. Bxe5 $17 Rxe5 29. g3) 28... Nxd5 $19 {[%emt 0:04:08][%csl Oe3] Strong Square Black (e3)} 29. Rb3 Nf6 30. Nf3 {[%emt 0:01:32] [#]} Bc5 $1 {[%emt 0:01:08] Against Rb4} 31. Nxe5 dxe5 32. Be2 $2 ({Avoid the trap} 32. Rxe4 $2 Nxe4 33. Bxe5 Nd2 $19 (33... Rd1 $2 34. h4 $19)) (32. Rb1 {is tougher.}) 32... Rd2 33. Bf3 Rxe1+ 34. Bxe1 {[%emt 0:00:03] This pair of bishops is nice.} Rc2 {[%emt 0:00:11] Weighted Error Value: White=0.31/Black=0.08 (flawless)   Mistake:       	White=3     	Black=1      Inaccurate:     	White=3     	---        OK:         	White=9     	Black=16     Best:        	---       	Black=1      Strong:       	---       	Black=1} 0-1

[Event "Reykjavik Open 2025"]
[Site "Reykjavik"]
[Date "2025.04.09"]
[Round "1.3"]
[White "Lu, Shanglei"]
[Black "Birkisson, Bjorn Holm"]
[Result "1-0"]
[Annotator "TA"]
[ECO "C02"]
[WhiteElo "2618"]
[BlackElo "2154"]
[PlyCount "71"]
[EventDate "2025.04.09"]
[EventType "swiss"]
[EventCountry "ISL"]
[SourceTitle "playchess.com"]
[Source "ChessBase"]
[SourceQuality "1"]
[TimeControl "40/5400+30:1800+30"]

1. e4 e6 2. d4 d5 3. e5 c5 4. c3 Nc6 5. Nf3 Bd7 6. Be2 Nge7 7. O-O Ng6 8. g3 f6 {[%emt 0:28:26] is more profitable than 8...Be7 at the moment. C02: French: Advance Variation.} 9. exf6 gxf6 10. c4 dxc4 {[%emt 0:22:36] White is slightly better.} 11. Nc3 $146 (11. Be3 cxd4 12. Nxd4 Rc8 13. Nc3 Nxd4 14. Bxd4 Be7 15. Qd2 a6 16. Qh6 Qa5 17. Bf3 Bc6 18. Bg4 Rd8 19. Rad1 Rd6 20. Rfe1 Kf7 21. Bxf6 Bf8 22. Qe3 {1-0 Hohlbein,M-Faust,D CT King 19193 2015}) 11... cxd4 12. Nxd4 Bg7 13. Ncb5 {[%emt 0:06:12] White is more active.} Nxd4 14. Nd6+ (14. Nxd4 Qc8 $11) 14... Ke7 15. Qxd4 {[%emt 0:00:05][%cal Of1d1] [#] White attacks} Qb6 16. Qxb6 axb6 17. Nxc4 Bb5 $1 18. Bd2 Bxc4 19. Bxc4 Ne5 20. Be2 $36 {[%emt 0:03:51][%mdl 2048] White has some pressure. This pair of bishops is nice.} f5 21. Bc3 {[%emt 0:01:47] [#]} Kf7 22. Rfe1 Bf6 23. Bxe5 Bxe5 24. Bc4 Kf6 25. Re2 Rac8 ({Black should try} 25... Ra4 $1 $14 26. Bb3 Re4 27. Rxe4 fxe4) 26. Bb3 $16 Rhe8 27. Rae1 Rc5 28. Kg2 f4 29. gxf4 Bd4 {[%emt 0:00:32][%mdl 8192] Loses the game.} (29... Bc7 $16 30. Rxe6+ Rxe6 31. Rxe6+ Kf5) 30. Rxe6+ $2 (30. Rd2) 30... Rxe6 $18 31. Rxe6+ {[%emt 0:00:02] KRB-KRB. White is two pawns up.} ({Don't do} 31. Bxe6 $6 Rc2 $16) 31... Kf5 32. Rxb6 Kxf4 {[%emt 0:00:14] Hoping for ...Rg5+.} 33. Rxb7 Rg5+ 34. Kf1 {[%emt 0:00:02] Hoping for Rb4.} Rh5 $2 (34... Rc5 35. Rxh7 Bxb2 36. Rh4+ Kg5) 35. Rb4 Ke4 36. Bc2+ {[%emt 0:00:07] Weighted Error Value: White=0.18 (very precise) /Black=0.60  Loses game:     	---       	Black=1      Mistake:       	White=1     	Black=2      Inaccurate:     	---       	Black=2      OK:         	White=15    	Black=11     Best:        	White=3     	Black=2      Strong:       	---       	Black=1} 1-0

[Event "Reykjavik Open 2025"]
[Site "Reykjavik"]
[Date "2025.04.09"]
[Round "1.4"]
[White "Villiers, Thomas"]
[Black "Safarli, Eltaj"]
[Result "0-1"]
[Annotator "TA"]
[ECO "C56"]
[WhiteElo "2154"]
[BlackElo "2617"]
[PlyCount "98"]
[EventDate "2025.04.09"]
[EventType "swiss"]
[EventCountry "ISL"]
[SourceTitle "playchess.com"]
[Source "ChessBase"]
[SourceQuality "1"]
[TimeControl "40/5400+30:1800+30"]

1. e4 e5 2. Nf3 Nc6 3. Bc4 Bc5 4. c3 Nf6 5. d4 exd4 6. O-O Nxe4 7. cxd4 d5 8. dxc5 dxc4 9. Qe2 {[%emt 0:00:10][%csl LRc4,LRe4] 9.Qe2 scores better than 9.Qxd8+.} Qe7 {[%emt 0:01:22] C56: Two Knights: 4 d4 exd4 5 0-0 Nxe4.} 10. Qxc4 Bf5 $5 {[%emt 0:01:02][%mdl 4] Leaves trodden paths.} 11. Re1 Qe6 {[%emt 0:05:30] Black has an edge.} 12. Qa4 $146 {[%emt 0:04:23] A sharp opening} (12. Qd3 O-O 13. Nc3 Rfe8 14. Bf4 Nb4 15. Qe3 Nc2 16. Nd4 Nxe3 17. Nxe6 Rxe6 18. Rxe3 Nxc5 19. Nd5 Nd3 20. Rxd3 Bxd3 21. Nxc7 Re4 {½-½ Rulfs,E (2099)-Zeihen,P (2294) CFriend AR-2004-F-00004 email 2005 (1)}) 12... O-O-O 13. Be3 Qf6 14. Na3 Rhe8 15. b4 $2 (15. Nc4 $15) 15... Nc3 16. Qb3 {[%emt 0:00:11] [#]} Ne2+ $1 17. Kh1 $17 {[%emt 0:01:46][%cal Oe3g5] Threatens to win with Bg5!.} Rd3 {[%emt 0:01:57] Black has more active pieces.} 18. Qc4 Rxa3 19. Qxe2 Bg4 (19... Nxb4 20. Qb5 Rexe3 21. fxe3 $15) 20. b5 {[%emt 0:01:35] [#]} Bxf3 21. Qxf3 Qxf3 22. gxf3 Nd8 $36 {[%emt 0:03:35][%mdl 2048] Black has strong initiative.} 23. Red1 c6 24. b6 Ne6 (24... axb6 $142 25. cxb6 Ne6) 25. Rd2 ({Better is} 25. bxa7 Rxa7 26. Rg1) 25... Rd8 26. Rad1 (26. bxa7 $17 Rxd2 (26... Rxa7 27. Rb2 $17) 27. Bxd2) 26... Rxa2 27. Rxa2 (27. Rxd8+ {keeps fighting.} Nxd8 28. f4) 27... Rxd1+ $19 {[%emt 0:00:05][%mdl 4096] Endgame KRB-KRN. Black is a pawn up.} 28. Kg2 a6 29. Ra4 Rd5 30. Rc4 g5 31. h4 h6 32. hxg5 $2 (32. f4) 32... hxg5 33. Rc1 Kd7 34. Rh1 Nxc5 35. Rh8 Ne6 36. Rb8 Nd8 37. f4 g4 38. Bc1 Rb5 {[%emt 0:03:04] Wards off Bb2} 39. Bd2 c5 (39... Rxb6 40. Ba5 Rb5 41. Rxd8+ (41. Bxd8 f5 $14) 41... Ke6 42. Bc7 $16) 40. Kg3 Rxb6 41. Kxg4 Rc6 {[%emt 0:31:09] and ...Rc8 should not be overlooked} 42. Ba5 {[%emt 0:00:24] [#]} (42. Kf3 $142) 42... Rc8 $1 ({Less strong is} 42... Rg6+ 43. Kf5 Rg8 44. Ke4 $17) 43. Rxc8 Kxc8 {[%emt 0:00:02] KB-KN. Black is two pawns up.} 44. Kf5 b5 45. Kf6 b4 {[%emt 0:00:31] ( -> ...Nb7)} 46. f5 Nc6 {[%emt 0:01:22] Black mates.} 47. Kxf7 Nxa5 48. f6 Nc6 49. Kg7 Nd8 {[%emt 0:00:15] Weighted Error Value: White=0.73/Black=0.13 (very precise)   Loses game:     	White=1     	---        Mistake:       	White=5     	Black=2      Inaccurate:     	White=2     	Black=1      OK:         	White=9     	Black=17     Best:        	White=3     	Black=2      Strong:       	---       	Black=1} 0-1

[Event "Reykjavik Open 2025"]
[Site "Reykjavik"]
[Date "2025.04.09"]
[Round "1.5"]
[White "Ivanchuk, Vasyl"]
[Black "Alrehaili, Ahmed Abdullah S"]
[Result "1-0"]
[Annotator "TA"]
[ECO "E62"]
[WhiteElo "2604"]
[BlackElo "2152"]
[PlyCount "57"]
[EventDate "2025.04.09"]
[EventType "swiss"]
[EventCountry "ISL"]
[SourceTitle "playchess.com"]
[Source "ChessBase"]
[SourceQuality "1"]
[TimeControl "40/5400+30:1800+30"]

1. d4 Nf6 2. c4 g6 3. g3 Bg7 4. Bg2 d6 5. Nc3 O-O 6. Nf3 Nc6 7. O-O Bg4 8. d5 Na5 9. b3 c5 10. Bb2 {[%emt 0:01:40] E62: King's Indian: Fianchetto: 6...c6 and Panno Variation (6...Nc6) without ...a6.} e5 {[%emt 0:06:46] [#]} ({Black should try} 10... a6 $14) 11. dxe6 $1 $16 fxe6 $146 (11... Bxe6 12. Qd2 Bxc4 13. Rad1 Ba6 14. Qxd6 Qxd6 15. Rxd6 Rfe8 16. Ne5 Rad8 17. Rxd8 Rxd8 {½-½ Mack,P-Bjarnason,S EU-ch U21 prel 1973 (5)}) 12. Qd2 {[%emt 0:14:35] White is better.} Qb6 (12... Nc6 $16) 13. Nh4 e5 14. f4 {[%emt 0:03:21] and fxe5 should not be overlooked} Nc6 15. h3 (15. Qxd6 $2 Rfd8 16. Nd5 Rxd6 $17) 15... Bc8 16. f5 ({Stronger than} 16. Qxd6 Rd8 17. Nd5 Rxd6 $11) 16... gxf5 17. Nxf5 Bxf5 18. Rxf5 Ne7 19. Rff1 Rad8 20. Rad1 a6 21. Kh2 Qc7 22. Bc1 Kh8 23. Qd3 h6 24. Be3 b5 25. Qd2 Kh7 (25... b4 $142) 26. Ne4 $18 (26. cxb5 d5 27. Qc2+ (27. bxa6 d4 $18) 27... e4 $16) 26... Nfg8 (26... Neg8 $142 27. Nxd6 b4 28. Qc2+ Kh8) 27. Rxf8 {[%emt 0:01:41] White is clearly winning.} ({Not} 27. Nxd6 Rxf1 28. Bxf1 Nf6 29. cxb5 e4 30. bxa6 Nf5 $18) 27... Bxf8 {[%emt 0:00:04] [#]} 28. Nxc5 $1 Qc8 (28... Kh8 29. Ne6) 29. Bb7 {[%emt 0:01:21] Black did not feel at home in the position after the opening.   Weighted Error Value: White=0.05 (flawless) /Black=0.43  Mistake:       	---       	Black=4      Inaccurate:     	---       	Black=2      OK:         	White=11    	Black=2      Best:        	---       	Black=1      Strong:       	White=1     	---} 1-0

[Event "Reykjavik Open 2025"]
[Site "Reykjavik"]
[Date "2025.04.09"]
[Round "1.6"]
[White "Haertig, Jens"]
[Black "Banusz, Tamas"]
[Result "0-1"]
[Annotator "TA"]
[ECO "D04"]
[WhiteElo "2149"]
[BlackElo "2592"]
[PlyCount "94"]
[EventDate "2025.04.09"]
[EventType "swiss"]
[EventCountry "ISL"]
[SourceTitle "playchess.com"]
[Source "ChessBase"]
[SourceQuality "1"]
[TimeControl "40/5400+30:1800+30"]

1. d4 Nf6 2. Nf3 d5 3. e3 Bf5 4. Bd3 Bg6 5. O-O c6 6. b3 {[%emt 0:00:12] D04: Colle System.} e6 7. Bb2 Nbd7 8. Nbd2 {[%emt 0:00:16] The position is equal.} Be7 $5 {[%emt 0:02:30][%mdl 4] Exploring less charted territory.} 9. Qe2 O-O (9... Ne4 $11 {was preferable.}) 10. Bxg6 $1 $14 hxg6 11. Rfd1 $146 (11. c4 Nh5 12. g3 Nhf6 13. a3 Ne4 14. cxd5 cxd5 15. Rac1 Ndf6 16. b4 Qb6 17. Ne5 {1-0 Rickers,B (1724)-Schiller,D (1736) Schleswig-Holstein-ch HT 2018 (4)}) 11... a5 12. a3 (12. a4 $14) 12... Qb6 (12... a4 $11) 13. e4 (13. c4 $14) 13... Rfd8 (13... Nxe4 $11 14. Nxe4 dxe4 15. Qxe4 a4) 14. e5 Ne8 15. c4 (15. a4 $14) 15... c5 (15... a4 $11) 16. Rab1 Qa6 17. dxc5 Nxc5 18. Nd4 Nc7 19. Kf1 dxc4 20. Nxc4 Nd5 21. g3 Rac8 22. Rbc1 Rd7 23. h4 Rcd8 24. Kg1 Nc7 (24... Nb6 $17 25. Qc2 Nxc4 26. bxc4 g5) 25. Qf3 Nb5 26. Nc2 (26. Nxb5 $15 Qc6 27. Qg4 Qxb5 28. Rxd7 Qxd7 (28... Rxd7 29. Nd6 $15) 29. Nxa5) 26... Rd3 $2 (26... Rxd1+ 27. Rxd1 Rxd1+ 28. Qxd1 $15) (26... Qc6 $19 {is more deadly.} 27. Qe2 Nxb3 28. Rxd7 Rxd7) 27. Qe2 $17 (27. Rxd3 $2 Rxd3 28. Qg4 Nxb3 $19 (28... Rxb3 $2 29. Ne1 $17)) 27... Nc3 {[%emt 0:15:00] Black has more active pieces.} (27... Rxb3 28. Rxd8+ Bxd8 29. Na1 $18) 28. Bxc3 Rxc3 29. Rxd8+ Bxd8 30. Rd1 (30. Qd2 Rd3 (30... Nxb3 31. Qxd8+ Kh7 32. Nd6 $18) 31. Qe2) 30... Be7 (30... Bc7 $1 31. N2e3 Rxb3) 31. N2e3 (31. Nd4 $142) 31... Rxb3 32. h5 gxh5 33. Qxh5 Rd3 {[%emt 0:00:33] Dodges Nd6} 34. Rc1 (34. Rxd3 $142 Nxd3 35. Qd1) 34... b6 (34... Rd4 $17 35. Nd6 g6) 35. Kh2 ({White should play} 35. Nd6 $1 $15 Bxd6 (35... Rxa3 36. Qxf7+ Kh8 37. Ne8) 36. exd6) 35... Rd4 $2 (35... Ne4 $17 {[%cal Ob6b5] aiming for ...b5!.} 36. Qf3 Rd4 (36... Bxa3 $2 37. Nxa3 Nd2 38. Qe2 $18)) 36. Nd6 $2 Bxd6 37. exd6 {[%emt 0:00:02] [#]} Rd2 (37... Rxd6 38. Rc4 $11) ({Black should play} 37... Qd3 $1 $17 38. Rd1 Qe4) 38. Ng4 $2 (38. Kg1 $15 g6 (38... Rxd6 39. Rc4 $17) 39. Qh4 Rxd6 40. Ng4) 38... Rd5 $36 {[%emt 0:03:41][%mdl 2048] Black is on the roll.} (38... Rxd6 39. Ne5 g6 40. Qf3 $11 (40. Nxg6 $2 fxg6 41. Qxg6+ Kf8 $19)) 39. Ne5 (39. Qh4 {was worth a try.}) 39... g6 $19 (39... Rxd6 $2 40. Qxf7+ (40. Nxf7 Rd2 $16) 40... Kh7 41. Rh1 $18 (41. Rc4 Qxc4 42. Qg6+ Kg8 $18)) 40. Qg5 {[%emt 0:00:44] [#]} (40. Qf3 Rxe5 41. Rxc5 Rxc5 (41... bxc5 42. d7 $17) 42. d7) 40... Qe2 $1 41. d7 Qxf2+ (41... Qxe5 $2 {is the wrong capture.} 42. Qxe5 (42. d8=R+ Kg7 $18) (42. d8=Q+ Rxd8 43. Qxe5 Rd5 $18) 42... Rxd7 43. Kg2 $18) 42. Kh3 Qf5+ 43. Qxf5 gxf5 44. Nc6 Rxd7 45. Nxa5 Rd3 46. Kh4 (46. Nc4 $142) 46... bxa5 47. Rxc5 Rxa3 {[%emt 0:00:04] Weighted Error Value: White=0.66/Black=0.48  Loses game:     	White=1     	---        Missed win:     	---       	Black=1      Mistake:       	White=12    	Black=9      Inaccurate:     	White=6     	---        OK:         	White=7     	Black=14     Best:        	White=3     	Black=2      Strong:       	White=1     	Black=1} 0-1

[Event "Reykjavik Open 2025"]
[Site "Reykjavik"]
[Date "2025.04.09"]
[Round "1.7"]
[White "Muradli, Mahammad"]
[Black "Pattnayak Nilsu"]
[Result "1-0"]
[Annotator "TA"]
[ECO "E06"]
[WhiteElo "2588"]
[BlackElo "2146"]
[PlyCount "85"]
[EventDate "2025.04.09"]
[EventType "swiss"]
[EventCountry "ISL"]
[SourceTitle "playchess.com"]
[Source "ChessBase"]
[SourceQuality "1"]
[TimeControl "40/5400+30:1800+30"]

1. d4 Nf6 2. c4 e6 3. Nf3 d5 4. g3 Be7 5. Bg2 O-O 6. Nc3 dxc4 7. Ne5 Nc6 8. Bxc6 bxc6 9. Nxc6 Qd6 10. Nxe7+ Qxe7 11. Qa4 c5 {[%emt 0:01:02] 11...Nd5 is the hot move.} 12. dxc5 {[%emt 0:10:13] E06: Closed Catalan: Early deviations.} Qxc5 13. Be3 Qc7 14. O-O-O {[%emt 0:02:43] The position is equal.} Ng4 15. Rd4 Nxe3 16. fxe3 Rb8 {[%emt 0:11:59] [#] White must now prevent ...Qb7.} 17. Rhd1 Qb6 18. R1d2 $146 {[%emt 0:01:28] Successful Defense White Active counter play!} (18. Qa3 Bb7 19. Qd6 Rfc8 20. R1d2 Qxd6 21. Rxd6 Bc6 22. R2d4 Be8 23. Kc2 Kf8 24. Ne4 {½-½ Oparin,G (2624)-Tomashevsky,E (2705) RUS-ch rapid 2018 (10.4)}) 18... e5 (18... Bb7 {simplifies} 19. Qb5 Rfc8 20. e4 h6) 19. Nd5 (19. Rxc4 Be6 (19... Qxe3 20. Nd5 $15) 20. Rc6 (20. Re4 $2 Rfc8 $19) 20... Qxe3 $17) 19... c3 $2 {[%emt 0:21:49] This move loses the game for Black.} 20. Nxb6 $18 exd4 21. Rc2 (21. Qxa7 cxd2+ 22. Kxd2 dxe3+ 23. Kxe3 Bg4 $17) (21. Rxd4 $6 cxb2+ 22. Kxb2 Rxb6+ 23. Rb4 Ra6 $16) (21. bxc3 $6 dxc3 22. Rd3 (22. Qxa7 cxd2+ 23. Kxd2 Rb7 $11) 22... axb6 $16) 21... axb6 22. exd4 ({Less strong is} 22. bxc3 dxe3 23. Qf4 Be6 $16) 22... cxb2+ 23. Rxb2 ({Resist} 23. Kxb2 $6 Bf5 $18) 23... b5 24. Qb3 (24. Rxb5 Bd7 25. Rxb8 Bxa4 $19) 24... Bf5 25. d5 Rfc8+ 26. Kd1 Rc5 27. Qf3 Rd8 $2 (27... Bg6 28. d6 Bf5) 28. Qxf5 Rcxd5+ {[%emt 0:01:53] [#]} 29. Qxd5 $3 Rxd5+ 30. Rd2 Rxd2+ 31. Kxd2 {[%emt 0:00:02][%mdl 4096] Endgame Black must now prevent Kc3. KP-KP} Kf8 32. Kc3 Ke7 33. Kb4 Kd6 34. Kxb5 {[%emt 0:00:08] Intending Kb6 and mate.} Kc7 35. Kc5 h5 36. e4 {[%emt 0:00:27][%cal Be2e4,Be4e5][%mdl 32] White mates.} g5 37. Kd5 h4 38. Ke5 hxg3 39. hxg3 Kd7 40. Kf6 Kd6 41. e5+ Kd5 42. a4 g4 43. a5 {[%emt 0:00:05] Weighted Error Value: White=0.03 (flawless) /Black=0.69  Loses game:     	---       	Black=1      Mistake:       	---       	Black=1      Inaccurate:     	White=1     	Black=2      OK:         	White=10    	Black=5      Best:        	White=2     	---} 1-0

[Event "Reykjavik Open 2025"]
[Site "Reykjavik"]
[Date "2025.04.09"]
[Round "1.8"]
[White "Ptacnikova, Lenka"]
[Black "Gupta, Abhijeet"]
[Result "0-1"]
[Annotator "TA"]
[ECO "E60"]
[WhiteElo "2142"]
[BlackElo "2576"]
[PlyCount "60"]
[EventDate "2025.04.09"]
[EventType "swiss"]
[EventCountry "ISL"]
[SourceTitle "playchess.com"]
[Source "ChessBase"]
[SourceQuality "1"]
[TimeControl "40/5400+30:1800+30"]

1. Nf3 Nf6 2. c4 g6 3. d4 Bg7 4. g3 d5 5. cxd5 Nxd5 6. e4 {[%emt 0:14:56] E60: King's Indian: Unusual lines and Fianchetto Variation without Nc3.} Nb6 7. h3 {[%emt 0:03:53] Against Bg4} O-O 8. Nc3 {[%emt 0:01:05] The position is equal.} c5 9. Be3 cxd4 10. Nxd4 Bd7 11. Qc2 $146 (11. Qe2 Qc8 12. Rc1 Nc6 13. Ncb5 Rd8 14. Bg2 Be8 15. O-O Bxd4 16. Nxd4 Rxd4 17. Rxc6 Bxc6 18. Bxd4 {½-½ Welford Ranson,F (2074)-Guthrie,D (2129) Guildford Spring op 2024 (2)}) 11... Na6 12. Rd1 Rc8 {[%emt 0:00:37] Prevents Nc6.} 13. Ndb5 Qe8 14. Qb1 {[%emt 0:11:08] [#]} (14. Nxa7 $11 Ba4 15. Qc1 Bxc3+ 16. bxc3 Bxd1 17. Nxc8 Qxc8 (17... Bf3 18. Nxb6 Bxh1 19. Bd3 $11) 18. Qxd1 Qxc3+ 19. Qd2) 14... Nc4 $1 $17 15. Bxc4 Rxc4 16. Nxa7 Nc5 $1 (16... Bxc3+ 17. bxc3 b5 (17... Rxc3 18. Bh6 $16) 18. Kf1 $11) 17. Nd5 Rxe4 (17... Nxe4 $17 18. Qd3 Nd6) 18. O-O $2 {[%emt 0:03:52] [#]} ({White should try} 18. Qc2 $1 $15 Rxe3+ 19. fxe3 (19. Nxe3 b6 $11)) 18... Rxe3 $1 $19 {[%emt 0:00:22][%mdl 512] Black attacks} 19. Nxe3 Bxh3 {[%emt 0:00:16] This pair of bishops is nice.} 20. Qc2 Ne6 (20... Bxf1 $19 21. Qxc5 Be2) 21. Qc4 Bxf1 22. Kxf1 Bxb2 23. Qb4 Bf6 24. Qxb7 Qa8 ({Black should play} 24... Nd4 $19 {And now ...Qa4 would win.} 25. Kg2 Kg7) 25. Qxa8 (25. Rd7 $142) 25... Rxa8 $17 {[%emt 0:00:03] Black is clearly better.} 26. Rd7 Bd4 27. Nc6 Bxe3 28. fxe3 Rxa2 29. Nxe7+ Kg7 30. Nc6 Ng5 {[%emt 0:01:47] Weighted Error Value: White=0.25 (precise) /Black=0.11 (very precise)   Mistake:       	White=4     	Black=3      Inaccurate:     	White=1     	---        OK:         	White=9     	Black=13     Best:        	---       	Black=1      Strong:       	---       	Black=2      Brilliant:      	---       	Black=1} 0-1